 Dungeon Crawl Stone Soup version 0.27-a0-1532-gca18f49f40 (webtiles) character file.

Game seed: 572638927230222433

29874 Spaninq the Unseen (level 13, -18/55 HPs)
             Began as a Spriggan Enchanter on July 12, 2021.
             Was a High Priest of Dithmenos.
             Killed from afar by a rime drake (26 damage)
             ... with a flash freeze
             ... in an ice cave.
             The game lasted 01:44:57 (20657 turns).

Spaninq the Unseen (Spriggan Enchanter)            Turns: 20657, Time: 01:45:00

Health: -18/55     AC:  7    Str:  4    XL:     13   Next: 17%
Magic:  25/28      EV: 35    Int: 17    God:    Dithmenos [*****.]
Gold:   791        SH:  0    Dex: 32    Spells: 22/33 levels left

rFire    . . .     SeeInvis +   u - +3 dagger (elec)
rCold    . . .     Faith    .   (shield restricted)
rNeg     . . .     Spirit   .   G - +0 steam dragon scales
rPois    .         Reflect  .   c - +2 hat
rElec    .         Harm     .   n - scarf {repulsion}
rCorr    .         Rampage  .   (gloves unavailable)
Will     ++...                  (boots unavailable) Stlth ****++++++
                                (no amulet)
HPRegen  0.18/turn              C - +6 ring of dexterity
MPRegen  0.21/turn              t - +6 ring of dexterity

@: confusing by touch, wreathed by umbra, repel missiles, very quick
A: very small, no large weapons, unfitting armour, see invisible, speed 3
a: Renounce Religion, Shadow Step, Shadow Form


You were in an ice cave.
You worshipped Dithmenos.
Dithmenos was extremely pleased with you.
You visited 3 branches of the dungeon, and saw 15 of its levels.
You also visited: Ice Cave.

You collected 791 gold pieces.

Inventory:

Hand Weapons
 u - a +3 dagger of electrocution (weapon)
 I - a +5 quick blade
Missiles
 g - 17 curare-tipped darts
 h - 5 boomerangs of dispersal
 x - 7 atropa-tipped darts
 E - 8 throwing nets
Armour
 c - a +2 hat (worn)
 n - a scarf of repulsion (worn)
 D - +0 acid dragon scales
 G - +0 steam dragon scales (worn)
 L - the +1 robe "Vaskesall" {Int+3}
   (You found it on level 1 of the Lair of Beasts)

   Int:       It affects your intelligence (+3).
Jewellery
 d - a ring of willpower
 k - a ring of willpower
 l - a ring of wizardry
 t - a +6 ring of dexterity (right hand)
 C - a +6 ring of dexterity (left hand)
Wands
 b - a wand of iceblast (15)
 r - a wand of mindburst (15)
 s - a wand of polymorph (23)
 y - a wand of acid (19)
 H - a wand of flame (36)
Scrolls
 a - 2 scrolls of fear
 f - 4 scrolls of identify
 w - a scroll of fog
 A - a scroll of magic mapping
 J - a scroll of teleportation
 M - a scroll of holy word
Potions
 e - a potion of curing
 j - a potion of attraction {unknown}
 m - 4 potions of haste
 o - a potion of brilliance
 p - a potion of lignification {unknown}
 q - 2 potions of flight
 v - 3 potions of invisibility
 z - a potion of ambrosia {unknown}
 B - 2 potions of berserk rage
 F - a potion of might {unknown}
Miscellaneous
 K - a lightning rod (4/4)


   Skills:
 - Level 10.0 Short Blades
 + Level 12.3 Dodging
 * Level 19.3 Stealth
 + Level 10.9 Spellcasting
 + Level 11.2 Hexes
 + Level 2.0 Ice Magic


You had 22 spell levels left.
You knew the following spells:

 Your Spells              Type           Power      Damage    Failure   Level
a - Confusing Touch       Hex            47%        N/A       1%          3
b - Ensorcelled Hibernat  Hex/Ice        64%        N/A       1%          2
c - Slow                  Hex            47%        N/A       1%          2
d - Dazzling Flash        Conj/Hex       56%        N/A       2%          3
e - Apportation           Tloc           18%        N/A       8%          1

Your spell library contained the following spells:

 Spells                   Type           Power      Damage    Failure   Level
 Corona                   Hex            52%        N/A       1%          1
 Tukima's Dance           Hex            47%        N/A       1%          3
 Summon Guardian Golem    Hex/Summ       28%        N/A       2%          3
 Freeze                   Ice            64%        1d8       3%          1
 Frozen Ramparts          Ice            32%        1d5       10%         3
 Blink                    Tloc           N/A        N/A       12%         2
 Invisibility             Hex            23%        N/A       12%         6
 Yara's Violent Unravell  Hex/Tmut       14%        3d7       22%         5
 Lesser Beckoning         Tloc           4%         N/A       24%         3
 Stone Arrow              Conj/Erth      18%        3d8       24%         3
 Hailstorm                Conj/Ice       12%        3d5       45%         4
 Passage of Golubria      Tloc           N/A        N/A       61%         4
 Alistair's Intoxication  Tmut/Pois      6%         N/A       91%         5
 Bolt of Magma            Conj/Fire/Erth 4%         4d5       91%         5
 Manifold Assault         Tloc           9%         N/A       91%         5
 Orb of Destruction       Conj           4%         9d2       100%        7
 Spellforged Servitor     Conj/Summ      4%         N/A       100%        7
 Shatter                  Erth           4%         3d8*      100%        9


Dungeon Overview and Level Annotations

Branches:
Dungeon (12/15)            Temple (1/1) D:4            Lair (2/6) D:9
    Orc (0/2) D:10          IceCv (1/1)
  Swamp: Lair:2-4    Shoals: Lair:2-4     Snake: Lair:2-4    Spider: Lair:2-4

Altars:
Ashenzari
Cheibriados
Dithmenos
Elyvilon
Fedhas
Gozag
Hepliaklqana
Kikubaaqudgha
Makhleb
Nemelex Xobeh
Okawaru
Qazlal
Ru
Sif Muna
Trog
Uskayaw
Vehumet
Wu Jian
Xom
Yredelemnul
Zin
The Shining One

Shops:
D:7 **   D:8 *   D:9 [

Annotations:
D:9 3 runed translucent doors, Phlounder's ghost, journeyman DjWz
Lair:1 exclusion: oklob plant


Innate Abilities, Weirdness & Mutations

You are very small and have problems with some larger weapons.
You are too small for most types of armour.
You have supernaturally acute eyesight. (SInv)
You cover ground extremely quickly. (Speed+++)


Message History

Aiming: Ensorcelled Hibernation (safe; 1% risk of failure)
Press: ? - help, Shift-Dir - straight line, f - yak
Aim: a yak (heavily wounded, umbra, chance to affect: 60%)
The yak looks drowsy...
The wolf howls!
The helpless yak fails to defend itself.
You stick the yak like a pincushion!!!!!
Lightning courses through the yak!
You kill the yak!
Dithmenos accepts your kill.
Okay, then.
The death yak gores the polar bear.
The polar bear closely misses you.
The polar bear completely misses you. x2
You hit the death yak but do no damage.
Lightning courses through the death yak!
The death yak is moderately wounded.
Your shadow hits the death yak but does no damage.
The wolf completely misses you.
Casting: Ensorcelled Hibernation (safe; 1% risk of failure)
Confirm with . or Enter, or press ? or * to list all spells.
Your hands begin to glow red.
The wolf barely misses you.
You hit the wolf but do no damage.
The wolf appears confused.
The wolf is moderately wounded.
The wolf completely misses you. The death yak gores you!
* * * LOW HITPOINT WARNING * * *
The wolf barely misses the rime drake.
The polar bear closely misses the wolf.
The polar bear barely misses the wolf.
The polar bear claws the wolf.
You feel better.
The wolf bites the polar bear.
The death yak gores the death yak!
The wolf bites the rime drake.
Magic courses through your body.
The wolf barely misses the death yak.
The death yak gores you!
* * * LOW HITPOINT WARNING * * *
The wolf closely misses the rime drake.
Casting: Confusing Touch (safe; 1% risk of failure)
Confirm with . or Enter, or press ? or * to list all spells.
Your hands begin to glow red.
The polar bear seems less confused.
The wolf barely misses the death yak.
The rime drake breathes ice at you. The flash freeze hits you!!
You die...

...# .... ..... .....
#### .....#
######..## ..#...###
##..##....##
#....k.###...Y......#
#..hYh..#h†.hY.@∩.∩.#
#...Y##....##k......#
#....#
##..#####....## #....
#### ##..## #... ####
#... ... ..#


You could see 2 death yaks, a polar bear, a rime drake (catching breath) and a
wolf (confused).

Vanquished Creatures
  Snorg (D:10)
  Harold (D:11)
  A boulder beetle (D:12)
  2 hydras
  Erolcha (D:12)
  A centaur warrior (D:10)
  3 two-headed ogres
  Urug (D:11)
  2 manticores
  Maurice (D:11)
  2 cane toads (Lair:1)
  6 kobold demonologists
  6 komodo dragons
  A demonic crawler (D:10)
  A troll (D:9)
  A polar bear (IceCv)
  2 hornets
  Prince Ribbit (D:9)
  4 wraiths
  3 shadows
  A redback (D:12)
  3 wyverns
  32 yaks
  A vampire (D:9)
  Eustachio (D:6)
  3 basilisks
  3 vampire mosquitoes
  A steam dragon (D:10)
  A swamp worm (D:10)
  An acid dragon (D:9)
  2 water moccasins
  5 orc warriors
  3 ice beasts
  2 sky beasts
  5 boggarts (D:11)
  A necrophage (D:8)
  3 ogres (D:6)
  5 centaurs
  27 wolves
  23 kobold brigands
  4 bullfrogs
  2 gnoll sergeants
  2 scorpions
  A wyvern zombie (D:7)
  A wyvern skeleton (D:7)
  5 killer bees (D:9)
  8 wights
  3 electric eels (D:9)
  4 centaur zombies
  A bullfrog zombie (D:5)
  3 centaur skeletons
  3 hounds (D:9)
  A jelly (D:5)
  3 orc priests
  A bullfrog skeleton (D:6)
  3 gnoll shamans
  Jessica (D:2)
  Ijyb (D:5)
  Terence (D:2)
  An iguana (D:5)
  10 orc wizards
  A killer bee zombie (D:8)
  2 wolf simulacra (Lair:2)
  A hound skeleton (D:5)
  Robin (D:2)
  19 gnolls
  7 adders
  2 white imps
  3 ufetubi
  2 worms (D:3)
  3 dart slugs
  25 orcs
  9 endoplasms
  2 giant cockroaches
  12 goblins
  7 hobgoblins
  3 jackals (D:3)
  3 quokkas
  4 ball pythons
  6 bats
  4 frilled lizards
  28 kobolds
  4 rats
371 creatures vanquished.

Vanquished Creatures (others)
  6 fungi
  14 plants
20 creatures vanquished.

Grand Total: 391 creatures vanquished

Notes
Turn   | Place    | Note
-------+----------+-------------------------------------------
     0 | D:1      | Spaninq the Spriggan Enchanter began the quest for the Orb.
     0 | D:1      | Reached XP level 1. HP: 9/9 MP: 5/5
   503 | D:1      | Reached XP level 2. HP: 9/13 MP: 6/6
   506 | D:1      | Learned a level 2 spell: Ensorcelled Hibernation
  1402 | D:1      | Reached skill level 5 in Stealth
  1470 | D:1      | Reached XP level 3. HP: 16/16 MP: 2/8
  1550 | D:2      | Noticed Terence
  1820 | D:2      | Found a faded altar of an unknown god.
  1830 | D:2      | Killed Terence
  1972 | D:2      | Reached XP level 4. HP: 17/21 MP: 6/9
  2070 | D:2      | Found a hide-covered altar of Uskayaw.
  2341 | D:2      | Identified the +1 helmet of Indomitability {-Tele rPois
                  | Int+4}
  2341 | D:2      | Noticed Robin
  2505 | D:2      | Noticed Jessica
  2598 | D:1      | Reached skill level 6 in Stealth
  2626 | D:2      | Killed Jessica
  3402 | D:3      | Noticed a phantom
  3910 | D:3      | Reached XP level 5. HP: 24/24 MP: 10/10
  4138 | D:4      | Found a staircase to the Ecumenical Temple.
  4159 | Temple   | Entered the Ecumenical Temple
  4316 | Temple   | Became a worshipper of Dithmenos the Shadowed
  4468 | D:4      | Found a glowing silver altar of Zin.
  4472 | D:4      | Found a snail-covered altar of Cheibriados.
  4533 | D:4      | Reached skill level 7 in Stealth
  5129 | D:4      | Found a shimmering blue altar of Sif Muna.
  5259 | D:5      | Entered Level 5 of the Dungeon
  5259 | D:5      | Noticed a centaur
  5266 | D:5      | Killed a centaur
  5267 | D:5      | Reached XP level 6. HP: 17/28 MP: 4/11
  5445 | D:5      | Identified a scroll of acquirement
  5445 | D:5      | Acquired a +0 hat
  5701 | D:5      | Reached skill level 8 in Stealth
  5843 | D:5      | Reached skill level 5 in Dodging
  5910 | D:5      | Noticed Ijyb
  6003 | D:5      | Reached XP level 7. HP: 27/32 MP: 13/13
  6092 | D:5      | Killed Ijyb
  7246 | D:2      | Killed Robin
  7247 | D:2      | Reached skill level 9 in Stealth
  7860 | D:6      | Noticed Eustachio
  8102 | D:6      | Reached skill level 5 in Hexes
  8112 | D:6      | Noticed a wraith
  8164 | D:6      | Learned a level 3 spell: Confusing Touch
  8202 | D:6      | Reached XP level 8. HP: 34/36 MP: 3/15
  8368 | D:6      | Reached skill level 10 in Stealth
  8592 | D:6      | Found a blossoming altar of Fedhas.
  8760 | D:5      | Reached skill level 5 in Short Blades
  9242 | D:6      | Killed Eustachio
  9243 | D:6      | Reached skill level 5 in Spellcasting
  9254 | D:6      | Reached skill level 11 in Stealth
  9391 | D:6      | Reached * piety under Dithmenos
  9584 | D:6      | Reached XP level 9. HP: 39/39 MP: 10/18
 10018 | D:7      | Reached skill level 12 in Stealth
 10091 | D:7      | Found Onlofeli's Neck Hole.
 10565 | D:7      | Found Wyadiocw's General Store.
 11184 | D:8      | Reached skill level 13 in Stealth
 11337 | D:8      | Reached ** piety under Dithmenos
 11611 | D:8      | Found Qosmocki's Mass Market.
 11970 | D:8      | Learned a level 2 spell: Slow
 11974 | D:8      | Learned a level 3 spell: Dazzling Flash
 12201 | D:8      | Reached XP level 10. HP: 42/44 MP: 18/21
 12855 | D:9      | Reached skill level 14 in Stealth
 12856 | D:9      | Found a staircase to the Lair.
 13204 | D:9      | Noticed a two-headed ogre
 13341 | D:9      | Killed a two-headed ogre
 13625 | D:9      | Found Esirimum's Armour Shoppe.
 14070 | D:9      | Found a runed translucent gate.
 14070 | D:9      | Found a runed translucent gate.
 14073 | D:9      | Noticed Phlounder's ghost (journeyman DjWz)
 14074 | D:9      | Noticed an 11-headed hydra
 14076 | D:9      | Reached skill level 15 in Stealth
 14076 | D:9      | Found a runed translucent gate.
 14147 | D:9      | Noticed Prince Ribbit
 14150 | D:9      | Killed Prince Ribbit
 14167 | D:9      | Reached *** piety under Dithmenos
 14168 | D:9      | Reached XP level 11. HP: 47/47 MP: 11/24
 14610 | D:10     | Entered Level 10 of the Dungeon
 14924 | D:10     | Noticed a two-headed ogre
 14942 | D:10     | Killed a two-headed ogre
 14995 | D:10     | Noticed Snorg
 14997 | D:10     | Killed Snorg
 15031 | D:10     | Noticed a centaur warrior
 15034 | D:10     | Killed a centaur warrior
 15035 | D:10     | Reached skill level 10 in Dodging
 15035 | D:10     | Reached skill level 16 in Stealth
 15242 | D:10     | Noticed a sun demon
 15281 | D:10     | Found a burning altar of Makhleb.
 15754 | D:10     | Found a staircase to the Orcish Mines.
 15901 | D:10     | Found a broken altar of Ashenzari.
 16076 | D:10     | Reached **** piety under Dithmenos
 16543 | D:11     | Noticed Harold
 16551 | D:11     | Killed Harold
 16552 | D:11     | Reached skill level 17 in Stealth
 16613 | D:11     | Noticed Maurice
 16619 | D:11     | Killed Maurice
 16673 | D:11     | Reached XP level 12. HP: 43/51 MP: 13/26
 16684 | D:11     | Reached skill level 10 in Hexes
 17407 | D:12     | Noticed Urug
 17413 | D:12     | Noticed Rupert
 17424 | D:12     | Reached skill level 10 in Spellcasting
 17437 | D:11     | Killed Urug
 17945 | D:12     | Reached skill level 18 in Stealth
 18171 | D:12     | Noticed a boulder beetle
 18182 | D:12     | Killed a boulder beetle
 18195 | D:12     | Acquired a +5 quick blade
 18201 | D:12     | Noticed a two-headed ogre
 18217 | D:12     | Killed a two-headed ogre
 18286 | D:12     | Noticed Erolcha
 18312 | D:12     | Killed Erolcha
 18313 | D:12     | Reached skill level 10 in Short Blades
 18376 | D:12     | Noticed an eight-headed hydra
 18380 | D:12     | Killed an eight-headed hydra
 18380 | D:12     | Reached ***** piety under Dithmenos
 19067 | Lair:1   | Entered Level 1 of the Lair of Beasts
 19268 | Lair:1   | Reached skill level 1 in Ice Magic
 19398 | Lair:1   | Identified the +1 robe "Vaskesall" {Int+3}
 19713 | Lair:1   | Reached XP level 13. HP: 55/55 MP: 17/28
 19807 | Lair:1   | Reached skill level 19 in Stealth
 19831 | Lair:1   | Learned a level 1 spell: Apportation
 20485 | Lair:2   | Found a frozen archway.
 20505 | IceCv    | Entered an ice cave
 20657 | IceCv    | Killed from afar by a rime drake

Illustrated notes

Levels and vault maps discovered:
D:1:      dpeg_arrival_solitude, layout_basic
D:2:      layout_loops_ring, basic_altar, hellmonk_ecumenical_altar_blasted,
          uniq_terence, uniq_jessica, uniq_robin
D:3:      layout_loops_ring, grunt_decor_cap, st_stairs_14
D:4:      layout_layer_cave, led_sif_pool, minitemple,
          minmay_temple_entry_offerings, serial_bayou_lake_a
D:5:      layout_loops_ring, uniq_ijyb
D:6:      minmay_chambers_of_threes, layout_loops_ring, kennysheep_little_box,
          hangedman_minor_gate_pass, uniq_eustachio
D:7:      layout_loops_ring, serial_shops, shop, grunt_decor_resistance,
          nicolae_shop_sticking_my_neck_out
D:8:      layout_basic, minmay_shop_mass
D:9:      layout_stronghold, erik_lair_island, serial_shops, kennysheep_mini,
          gammafunk_ghost_hydra_chop, st_stairs_8, grunt_ministairs_11,
          uniq_prince_ribbit1
D:10:     layout_roguey [special_room_kobold], nicolae_ashenzari_skybound,
          overflow_temple_1_default, orc_0_dummy, worms_lemuel, uniq_snorg
D:11:     layout_stronghold, gauntlet_entry_generic, uniq_maurice, uniq_harold
D:12:     layout_basic, minmay_circle_x, uniq_rupert, uniq_urug, uniq_erolcha
Temple:   regret_index_temple_sphere_string
Lair:1:   layout_misc_corridors, minmay_lair_oklob_chamber, grunt_megastairs_4
Lair:2:   layout_regular_city, portal_ice_cave_entry_ice_simulacra, basic_altar,
          minmay_hedge_maze, grunt_megastairs_1
IceCv:    ice_cave_small_giant

Skill      XL: |  1  2  3  4  5  6  7  8  9 10 11 12 13 |
---------------+----------------------------------------+-----
Dodging        | 3 4 5 7 8 9 10 12 | 12.3
Short Blades   | 2 3 4 5 6 8 9 10 | 10.0
Stealth        | 5 6 7 8 9 11 13 15 17 18 19 | 19.3
Spellcasting   | 3 4 5 7 8 9 10 | 10.9
Hexes          | 4 5 6 7 8 9 11 | 11.2
Ice Magic      | 1 2 |  2.0

Action                   |  1- 3 |  4- 6 |  7- 9 | 10-12 | 13-15 || total
-------------------------+-------+-------+-------+-------+-------++-------
Melee: Dagger            |    94 |   171 |   201 |   328 |    60 ||   854
 Cast: Ensorcelled Hiber |    18 |    34 |    87 |   194 |    14 ||   347
       Confusing Touch   |       |       |    27 |    51 |    17 ||    95
       Dazzling Flash    |       |       |       |     3 |       ||     3
       Apportation       |       |       |       |       |     2 ||     2
  Use: Scroll            |       |    12 |     5 |    11 |     1 ||    29
       Potion            |       |       |       |     4 |     2 ||     6
 Stab: Sleeping          |    19 |    32 |    51 |   131 |    14 ||   247
       Distracted        |     1 |     2 |     7 |     5 |       ||    15
       Confused          |       |       |    15 |    34 |     5 ||    54
       Invisible         |       |       |       |     1 |       ||     1
Armor: Robe              |     7 |    25 |    15 |     5 |       ||    52
       Steam dragon scal |       |       |       |    10 |     5 ||    15
Dodge: Dodged            |    55 |   150 |   141 |   297 |    72 ||   715

Table legend: (Time is in decaauts)
 A = Elapsed time spent in this place.
 B = Non-inter-level travel time spent in this place.
 C = Inter-level travel time spent in this place.
 D = Time resting spent in this place.
 E = Time spent auto-exploring this place.
 F = Levels seen in this place.
 G = Mean time per level.
                   A        B        C        D        E       F      G
               +--------+--------+--------+--------+--------+-----+--------+
         Total |  15726 |  15137 |    589 |   4831 |   6467 |  16 |  982.9 |
       Dungeon |  14417 |  13850 |    567 |   4539 |   5848 |  12 | 1201.4 |
        Temple |    103 |     96 |      7 |      0 |     55 |   1 |  103.0 |
          Lair |   1081 |   1066 |     15 |    221 |    563 |   2 |  540.5 |
      Ice Cave |    124 |    124 |      0 |     70 |      0 |   1 |  124.0 |
               +--------+--------+--------+--------+--------+-----+--------+

Top non-repeatable levels by time:
     D:1: 1738 daAuts
     D:9: 1735 daAuts
     D:6: 1429 daAuts
     D:5: 1409 daAuts
    D:10: 1405 daAuts
     D:2: 1270 daAuts
     D:8: 1214 daAuts
    D:11: 1074 daAuts
  Lair:1: 999 daAuts
     D:4: 933 daAuts
    D:12: 858 daAuts
     D:7: 680 daAuts
     D:3: 666 daAuts
   IceCv: 124 daAuts
  Temple: 103 daAuts
